 Dungeon Crawl Stone Soup version 0.28.0 (webtiles) character file.

Game seed: 6452542721430969399

147 bromine the Skirmisher (level 5, 0/49 HPs)
             Began as a Gargoyle Berserker on Feb 11, 2022.
             Was a Believer of Trog.
             Slain by an orc (7 damage)
             ... on level 3 of the Dungeon.
             The game lasted 00:11:19 (4334 turns).

bromine the Skirmisher (Gargoyle Berserker)         Turns: 4334, Time: 00:11:20

Health: 0/49       AC:  7    Str: 22    XL:     5   Next: 29%
Magic:  5/5        EV: 12    Int:  8    God:    Trog [**....]
Gold:   108        SH:  0    Dex:  9    Spells: 4/4 levels left

rFire   . . .      SeeInvis .   d - +0 trident
rCold   . . .      Faith    .   (no shield)
rNeg    + . .      Spirit   .   b - +1 animal skin
rPois   ∞          Reflect  .   (no helmet)
rElec   +          Harm     .   (no cloak)
rCorr   .          Rampage  .   (no gloves)
Will    .....                   (no boots)
Stlth   ..........              (no amulet)
HPRegen 0.16/turn               (no ring)
MPRegen 0.09/turn               (no ring)

@: berserking, very quick
A: sickness immunity, AC +4, negative energy resistance 1, electricity
resistance, torment resistance 1, petrification resistance
a: Renounce Religion, Berserk, Trog's Hand


You were on level 3 of the Dungeon.
You worshipped Trog.
Trog was pleased with you.
You visited 1 branch of the dungeon, and saw 3 of its levels.

You collected 108 gold pieces.

Inventory:

Hand Weapons
 a - a +0 hand axe
 d - a +0 trident (weapon)
Armour
 b - a +1 animal skin (worn)
Scrolls
 c - a scroll of teleportation
 e - a scroll of fog
 h - a scroll of fear {unknown}
Potions
 f - a potion of might {unknown}
 g - a potion of attraction {unknown}


   Skills:
 + Level 4.3 Fighting
 + Level 3.3(3.5) Axes
 + Level 1.7(2.8) Polearms
 + Level 2.3 Armour
 + Level 2.4 Dodging
 + Level 1.4 Stealth


You had 4 spell levels left.
You didn't know any spells.
Your spell library was empty.

Dungeon Overview and Level Annotations

Branches:
Dungeon (3/15)

Altars:

Shops:
D:3 :


Innate Abilities, Weirdness & Mutations

You are immune to sickness and miasma.
Your stone body is resilient. (AC +4)
You are immune to poison.
You resist negative energy. (rN+)
You are resistant to electric shocks. (rElec)
You are resistant to unholy torment.
You are immune to petrification.


Message History

An orc comes into view. It is wielding a +0 whip.
The orc priest moves out of view.
The orc shouts!
The orc priest shouts!
The orc shouts!
You hear a shout!
An orc comes into view. It is wielding a +0 flail.
The orc priest invokes the aid of Beogh against you.
Beogh smites you! The orc barely misses you.
A red film seems to cover your vision as you go berserk!
You feel yourself moving faster!
You feel mighty! The orc hits you but does no damage.
The orc hits you with a +0 flail.
You barely miss the orc. The orc hits you with a +0 dagger.
The orc hits you with a +0 flail. The orc barely misses you.
You hit the orc.
The orc is heavily wounded.
The orc hits you but does no damage. The orc hits you with a +0 flail.
The orc hits you with a +0 hand axe.
* * * LOW HITPOINT WARNING * * *
You puncture the orc!
You kill the orc!
Trog accepts your kill. The orc hits you with a +0 flail.
* * * LOW HITPOINT WARNING * * *
The orc hits you with a +0 hand axe.
* * * LOW HITPOINT WARNING * * *
Things that are here:
a +0 dagger; a +1 leather armour of cold resistance You closely miss the orc.
The orc closely misses you. The orc hits you with a +0 whip.
* * * LOW HITPOINT WARNING * * *
You hit the orc.
The orc is heavily wounded.
The orc hits you but does no damage.
The orc priest hits you but does no damage.
The orc hits you but does no damage.
You impale the orc!!
You feel the power of Trog in you as your rage grows.
You kill the orc!
Trog accepts your kill. The orc hits you with a +0 flail!
You die...

...(......#...#.#....###..##.#
.<#.####..#.............)[...###
..#.# #...........#......[.....
..... ##.#.....#..#.###..##.###
..#... #.##.#..#..........#.#
..#.#.. #..#..#..#.###.#.# # ..#
. . #........#.# #.#.#.###
....#. .#..#.#)..#.###.#......
.... .. ......o@o.#..........##
.... .#.....o..#####.##...#.
.... ..........# #... ..#. ....
....###.#.# .......#. ... ##..
#.#.# .##..#.#. ... ..... ..
....#. ## .....#. .. ..#.# ##.
.... .#..


You could see an orc priest and 2 orcs.

Vanquished Creatures
  5 adders
  A howler monkey skeleton (D:3)
  A worm (D:2)
  2 dart slugs (D:1)
  2 orcs (D:3)
  5 endoplasms
  5 giant cockroaches
  9 goblins
  8 hobgoblins
  9 jackals
  7 kobolds
  4 quokkas
  6 ball pythons
  6 bats
  3 frilled lizards
  5 rats
78 creatures vanquished.

Notes
Turn   | Place    | Note
-------+----------+-------------------------------------------
     0 | D:1      | bromine the Gargoyle Berserker began the quest for the Orb.
     0 | D:1      | Reached XP level 1. HP: 14/14 MP: 1/1
   621 | D:1      | Reached XP level 2. HP: 10/19 MP: 2/2
  1191 | D:1      | Reached XP level 3. HP: 9/24 MP: 3/3
  2086 | D:1      | Reached skill level 4 in Fighting
  2543 | D:2      | Reached ** piety under Trog
  2701 | D:2      | Reached XP level 4. HP: 23/29 MP: 4/4
  2828 | D:2      | Reached skill level 1 in Stealth
  2997 | D:2      | Reached skill level 1 in Polearms
  3711 | D:2      | Reached XP level 5. HP: 33/33 MP: 5/5
  4214 | D:3      | Found Piuped's Book Boutique.
  4334 | D:3      | Slain by an orc

Illustrated notes

Levels and vault maps discovered:
D:1:      eino_arrival_druids_welcome, layout_basic,
          nicolae_concentric_dashed_squares_mild
D:2:      minmay_alternating_diamond, layout_basic
D:3:      layout_basic, amcnicky_altar_gilded, mainiacjoe_overflow_24_doors,
          serial_shops, nicolae_shop_waterfront

Skill      XL: |  1  2  3  4 |
---------------+-------------+-----
Axes           | 3 |  3.3
Dodging        | 2 |  2.4
Fighting       | 4 |  4.3
Stealth        | 1 |  1.4
Polearms       | 1 |  1.7
Armour         | |  2.3

Action                   |  1- 3 |  4- 6 || total
-------------------------+-------+-------++-------
Melee: Hand axe          |    97 |       ||    97
       Trident           |    46 |   127 ||   173
       Punch             |     1 |     1 ||     2
Invok: Berserk           |     2 |     1 ||     3
  Use: Scroll            |       |     3 ||     3
 Stab: Sleeping          |     1 |     2 ||     3
Armor: Animal skin       |    60 |    63 ||   123
Dodge: Dodged            |   103 |   117 ||   220
